 Dungeon Crawl Stone Soup version 0.17-a0-1533-g2f57bce (webtiles) character file.

1766 urechis the Fighter (level 9, -10/60 HPs)
             Began as a Gargoyle Fighter on July 16, 2015.
             Was a Follower of Trog.
             Mangled by urechis's ghost (14 damage)
             ... on level 7 of the Dungeon.
             The game lasted 00:13:02 (5404 turns).

urechis the Fighter (Gargoyle Fighter)              Turns: 5404, Time: 00:13:02

Health: -10/60     AC: 16    Str: 23    XL:     9   Next: 7%
Magic:  9/9        EV:  7    Int:  9    God:    Trog [*.....]
Gold:   255        SH:  9    Dex:  9    Spells: 0 memorised, 8 levels left

rFire  . . .     SeeInvis .     a - +0 flail
rCold  . . .     Clarity  .     b - +0 scale mail
rNeg   + . .     SustAt   .     c - +0 shield
rPois  ∞         Gourm    .     (no helmet)
rElec  +         Spirit   .     v - +0 cloak
rCorr  .         Warding  .     j - +2 pair of gloves
rMut   .         Stasis   .     (no boots)
MR     .....                    (no amulet)
Stlth  ..........               (no ring)
                                (no ring)

@: exhausted, very slightly contaminated, invisible, not resistant to hostile
enchantments, extremely unstealthy
A: negative energy resistance 1, electricity resistance, unbreathing,
petrification resistance, rot immunity, AC +5
a: Burn Spellbooks, Berserk, Renounce Religion


You were on level 7 of the Dungeon.
You worshipped Trog.
Trog was aware of your devotion.
You were near starving.

You visited 2 branches of the dungeon, and saw 8 of its levels.

You collected 255 gold pieces.

Inventory:

Hand weapons
 a - a +0 flail (weapon)
Armour
 b - a +0 scale mail (worn)
 c - a +0 shield (worn)
 j - a +2 pair of gloves (worn)
 v - a +0 cloak (worn)
Jewellery
 k - an uncursed ring of magical power {unknown}
 t - an uncursed ring of magical power {unknown}
 F - a +1 ring of evasion {unknown}
 G - an uncursed ring of sustain attributes {unknown}
Magical devices
 w - a wand of draining (0)
 x - a wand of digging (9)
 B - a wand of magic darts (25)
 H - a wand of confusion (26)
Scrolls
 f - 7 scrolls of teleportation {unknown}
 l - 2 scrolls of remove curse {unknown}
 m - 10 scrolls of identify {unknown}
 u - a scroll of enchant weapon {unknown}
 y - a scroll of fear {unknown}
 A - 2 scrolls of blinking {unknown}
 J - a scroll of recharging {unknown}
Potions
 e - a potion of might
 g - a potion of resistance
 i - a potion of mutation {unknown}
 n - a potion of curing {unknown}
 o - a potion of brilliance {unknown}
 p - a potion of poison {unknown}
 q - a potion of lignification {unknown}
 r - a potion of haste {unknown}
 s - a potion of invisibility
 z - a potion of degeneration {unknown}
 C - a potion of cancellation {unknown}
 E - a potion of heal wounds {unknown}
Comestibles
 d - 5 bread rations
 h - 5 meat rations
 D - a slice of pizza
 I - 2 chunks of flesh


   Skills:
 + Level 9.3 Fighting
 + Level 8.4 Maces & Flails
 - Level 3.2 Armour
 - Level 3.2 Shields


You had 8 spell levels left.
You didn't know any spells.

Dungeon Overview and Level Annotations

Branches:
Dungeon (7/15)             Temple (1/1) D:4

Altars:
Ashenzari
Dithmenos
Elyvilon
Fedhas
Gozag
Makhleb
Nemelex Xobeh
Okawaru
Qazlal
Ru
Sif Muna
Trog
Vehumet
Xom
Yredelemnul
Zin
The Shining One

Annotations:
D:7 urechis's ghost, experienced MiBe


Innate Abilities, Weirdness & Mutations

You are resistant to torment.
Your stone body is resilient (AC +5).
You are immune to poison.
You resist negative energy.
You are resistant to electric shocks.
You can survive without breathing.
You are immune to petrification.
You are immune to rotting.


Message History

The crimson imp hits you but does no damage.
Urechis's ghost hits you!
* * * LOW HITPOINT WARNING * * *
You are too injured to fight recklessly!
You are too injured to fight recklessly!
You are too injured to fight recklessly!
You are too injured to fight recklessly!
You are too injured to fight recklessly!
You are too injured to fight recklessly!
Drink which item? (? for menu, Esc to quit)
You fade into invisibility!
The crimson imp closely misses you. You block urechis's ghost's attack.
Urechis's ghost hits you!
* * * LOW HITPOINT WARNING * * *
The crimson imp hits you but does no damage.
You are very lightly contaminated with residual magic.
You block the crimson imp's attack.
You feel yourself speed up. Urechis's ghost hits you!
You die...

.......# #........#
.##...##.#.#
...#<...#.#.#
...........#.#.##
.#.......#......#
#.###(..#......####
# ................#
#......5@......# ##
#......W.......#
)..#.....O........#
.................#
#.###.............#
#......)#'###.#####
[..#...†#)# #.#
#....#)###.######
#....#.#........#


You could see an ogre, urechis's ghost and a crimson imp.

Vanquished Creatures
  A human (D:4)
  A wyvern (D:7)
  The ghost of namelastname112 the Cudgeler, an average DrSk (D:4)
  2 ogres
  A centaur (D:5)
  2 giant frogs (D:6)
  A gnoll sergeant (D:6)
  A scorpion (D:4)
  A quasit (D:6)
  4 crimson imps
  3 wights (D:7)
  A hound (D:5)
  A giant frog skeleton (D:4)
  An orc priest (D:6)
  3 orc wizards
  3 iguanas
  5 worker ants
  10 gnolls
  6 adders
  5 worms
  A giant gecko (D:1)
  22 orcs
  A bat skeleton (D:5)
  A bat zombie (D:5)
  8 giant cockroaches
  9 goblins
  13 hobgoblins
  2 quokkas
  A ball python (D:2)
  12 bats
  A giant cockroach zombie (D:5)
  2 giant gecko skeletons
  7 giant newts
  A goblin zombie (D:4)
  2 jackals (D:2)
  9 kobolds
  A kobold zombie (D:4)
  A quokka skeleton (D:4)
  11 rats
158 creatures vanquished.

Notes
Turn   | Place    | Note
--------------------------------------------------------------
     0 | D:1      | urechis the Gargoyle Fighter began the quest for the Orb.
     0 | D:1      | Reached XP level 1. HP: 14/14 MP: 1/1
   236 | D:1      | Reached XP level 2. HP: 16/19 MP: 2/2
   797 | D:2      | Reached XP level 3. HP: 24/24 MP: 3/3
   892 | D:2      | Reached skill level 4 in Fighting
  1067 | D:2      | Reached XP level 4. HP: 18/29 MP: 4/4
  1508 | D:3      | Found a stormy altar of Qazlal.
  1599 | D:3      | Noticed an ogre
  1608 | D:3      | Killed an ogre
  1608 | D:3      | Reached XP level 5. HP: 34/34 MP: 5/5
  1693 | D:3      | Reached skill level 5 in Fighting
  2315 | D:4      | Reached XP level 6. HP: 30/40 MP: 6/6
  2319 | D:4      | Noticed an ogre
  2330 | D:4      | Killed an ogre
  2330 | D:4      | Reached skill level 5 in Maces & Flails
  2790 | D:4      | Found a runed door.
  2790 | D:4      | Noticed a human
  2813 | D:4      | Reached skill level 6 in Fighting
  2852 | D:4      | Noticed namelastname112's ghost (average DrSk)
  2919 | D:4      | Killed namelastname112's ghost
  2919 | D:4      | Reached XP level 7. HP: 16/47 MP: 7/7
  3160 | D:4      | Found a staircase to the Ecumenical Temple.
  3168 | Temple   | Entered the Ecumenical Temple
  3429 | D:4      | Found a basalt altar of Yredelemnul.
  3649 | D:4      | Killed a human
  3666 | D:5      | Entered Level 5 of the Dungeon
  3753 | D:5      | Reached skill level 7 in Fighting
  3897 | D:5      | Reached XP level 8. HP: 49/53 MP: 8/8
  4028 | D:5      | Found a bloodstained altar of Trog.
  4033 | D:5      | Became a worshipper of Trog the Wrathful
  4150 | D:5      | Found a shimmering altar of Xom.
  4170 | D:5      | Found a shadowy altar of Dithmenos.
  4234 | D:5      | Found a deep blue altar of Sif Muna.
  4235 | D:5      | Found a sacrificial altar of Ru.
  4237 | D:5      | Found a sparkling altar of Nemelex Xobeh.
  4239 | D:5      | Found a basalt altar of Yredelemnul.
  4387 | D:6      | Reached skill level 8 in Fighting
  4484 | D:6      | Found a burning altar of Makhleb.
  4769 | D:6      | Acquired Trog's first power
  5055 | D:7      | Noticed urechis's ghost (experienced MiBe)
  5360 | D:7      | Reached skill level 9 in Fighting
  5360 | D:7      | Reached XP level 9. HP: 24/60 MP: 9/9
  5402 | D:7      | HP: 3/60 [urechis's ghost (14)]
  5404 | D:7      | Mangled by urechis's ghost

Vault maps used:
D:1:      wheals_arrival_shading
D:3:      grunt_qazlal_clouds
D:4:      temple_green, dk_yredelemnul_ordeal
D:5:      nicolae_overflow_hidden_temple, minitemple, kennysheep_little_box,
          first_bread
D:6:      lemuel_crystal_altar
D:7:      hangedman_cross_stitches
Temple:   cyrus_temple_forest_13

Action                   |  1- 3 |  4- 6 |  7- 9 || total
-------------------------+-------+-------+-------++-------
Melee: Flail             |   141 |   197 |   302 ||   640
Invok: Berserk           |       |       |     1 ||     1
Evoke: Wand              |       |     3 |       ||     3
  Use: Potion            |       |     2 |     1 ||     3
  Eat: Chunk             |       |     6 |     6 ||    12
       Beef jerky        |       |       |     2 ||     2
